[Event "Titled Tuesday Blitz April 18 Early 2023"]
[White "Delorme, Axel"]
[Black "Bodnaruk, Anastasia"]
[WhiteFideId "632023"]
[BlackFideId "4181751"]
[WhiteElo "2478"]
[BlackElo "2310"]
[Result "1-0"]
[Round "06"]
[TimeControl "180+2"]
[Date "2023.04.18"]
[WhiteClock "0:01:58"]
[BlackClock "0:01:15"]

1. e4 c5 2. Nf3 d6 3. Bb5+ Nd7 4. Ba4 Nf6 5. O-O Nxe4 6. Re1 Nf6 7. d4 cxd4 8. Nxd4 g6 9. Bf4 e5 10. Nb5 Be7 11. Nxd6+ Kf8 12. Bh6+ Kg8 13. Bb3 Bxd6 14. Qxd6 Qb6 15. Qe7 1-0


[Site "https://www.chess.com"]

[Event "Titled Tuesday Blitz April 18 Early 2023"]
[White "Dwilewicz, Katarzyna"]
[Black "Ozates, Tuna"]
[WhiteFideId "1148486"]
[BlackFideId "6354521"]
[WhiteElo "2065"]
[BlackElo "2151"]
[Result "1-0"]
[Round "06"]
[TimeControl "180+2"]
[Date "2023.04.18"]
[WhiteClock "0:00:07"]
[BlackClock "0:00:13"]

1. e4 Nf6 2. e5 Nd5 3. c4 Nb6 4. d4 d6 5. exd6 exd6 6. Nc3 Be7 7. Be3 Bf5 8. Nf3 O-O 9. Bd3 Bxd3 10. Qxd3 c6 11. O-O d5 12. c5 Nc8 13. b4 Bf6 14. a4 Ne7 15. b5 g6 16. Bf4 Nf5 17. Ne5 Re8 18. Rfe1 cxb5 19. axb5 Nd7 20. Nxd5 Bxe5 21. dxe5 Nxc5 22. Qc4 Rc8 23. Nf6+ Kh8 24. Rad1 Qe7 25. Nxe8 Rxe8 26. Rd5 Ne6 27. Bd2 h5 28. h3 Kg7 29. Bb4 Qg5 30. Rd7 Nh4 31. Qd5 Kh6 32. Bd2 Nf4 33. Bxf4 Qxf4 34. Qxf7 Qb4 35. Qg7+ Kg5 36. Qf6+ Kh6 37. Red1 Rf8 38. Qg7+ Kg5 39. Qe7+ Qxe7 40. Rxe7 Nf5 41. Rxb7 Re8 42. Re1 Nd4 43. Re4 Ne6 44. Rxa7 Rb8 45. Rb4 Kf5 46. Rf7+ Kxe5 47. g3 Nc5 48. Kg2 Kd5 49. Rf6 Rg8 50. b6 Na6 51. Rb1 g5 52. b7 Nb8 53. Rf5+ Kc6 54. Rf6+ Kc7 55. Rf3 Nc6 56. Rc3 Kd7 57. Rd1+ Kc7 58. Rdc1 Kxb7 59. Rxc6 g4 60. R6c4 Kb6 61. hxg4 hxg4 62. Rb1+ Ka5 63. Rc2 1-0


[Site "https://www.chess.com"]

[Event "Titled Tuesday Blitz April 18 Early 2023"]
[White "Tasev, Dejan"]
[Black "Andersson, Bjorn 1971"]
[WhiteFideId "936618"]
[BlackFideId "1702114"]
[WhiteElo "2244"]
[BlackElo "2176"]
[Result "0-1"]
[Round "06"]
[TimeControl "180+2"]
[Date "2023.04.18"]
[WhiteClock "0:00:04"]
[BlackClock "0:00:15"]

1. e4 c5 2. Nf3 Nc6 3. Nc3 Nf6 4. d4 cxd4 5. Nxd4 e5 6. Ndb5 d6 7. Bg5 a6 8. Na3 b5 9. Nd5 Be7 10. Bxf6 Bxf6 11. c3 O-O 12. Nc2 Bg5 13. a4 Rb8 14. axb5 axb5 15. Bd3 f5 16. exf5 Bxf5 17. Bxf5 Rxf5 18. Nde3 Bxe3 19. Nxe3 Rf7 20. Ra6 Qc8 21. Qa1 b4 22. O-O Rfb7 23. Qa2+ Kh8 24. Qd5 Rc7 25. Qxd6 Qxa6 26. Qxc7 Rc8 27. Qf7 bxc3 28. bxc3 Qa3 29. Qe6 Qf8 30. h3 Qg8 31. Qg4 Ne7 32. c4 Ng6 33. Ra1 Rb8 34. c5 Qf8 35. Rc1 Rb2 36. c6 Qxf2+ 37. Kh2 Ne7 38. c7 h6 39. c8=Q+ Nxc8 40. Rxc8+ Kh7 41. Nf5 Qf4+ 42. Qxf4 exf4 43. Nd6 f3 44. Rf8 Rxg2+ 45. Kh1 Rg3 46. Ne4 Rxh3+ 47. Kg1 g5 48. Kf2 g4 49. Ng3 h5 50. Ra8 Rh2+ 51. Ke3 Kh6 52. Ra5 h4 53. Ra6+ Kg5 54. Ne4+ Kf5 55. Ra5+ Ke6 56. Ra6+ Kd5 57. Ra5+ Kc4 58. Ra4+ Kb3 59. Ra7 Re2+ 60. Kd3 Rxe4 61. Kxe4 f2 62. Rf7 g3 63. Ke3 h3 64. Ke2 h2 65. Rh7 g2 66. Rh3+ Kc2 67. Kxf2 g1=Q+ 68. Kf3 h1=Q+ 0-1


[Site "https://www.chess.com"]

[Event "Titled Tuesday Blitz April 18 Early 2023"]
[White "Gheorghiu, Calin"]
[Black "wqws"]
[WhiteFideId "1200305"]
[WhiteElo "2223"]
[BlackElo "2592"]
[Result "0-1"]
[Round "06"]
[TimeControl "180+2"]
[Date "2023.04.18"]
[WhiteClock "0:00:05"]
[BlackClock "0:00:49"]

1. e4 c5 2. Nf3 d6 3. d4 cxd4 4. Nxd4 Nf6 5. Nc3 a6 6. Be3 e5 7. Nb3 Be7 8. f3 h5 9. Qd2 Be6 10. Be2 Nbd7 11. Nd5 Nxd5 12. exd5 Bf5 13. O-O O-O 14. f4 exf4 15. Bxf4 Bg6 16. Kh1 Rc8 17. Nd4 Nc5 18. Bf3 Bf6 19. Rae1 Qb6 20. b4 Nd7 21. Be3 Qc7 22. Rc1 Ne5 23. Be2 Nc4 24. Bxc4 Qxc4 25. Nf5 Bxf5 26. Rxf5 Qe4 27. Rxh5 Bb2 28. Rg1 Rxc2 29. Qe1 Re8 30. Rh3 Bd4 31. Qd1 Bxe3 32. Rxe3 Qxe3 33. Qxc2 Qd4 34. Qa4 Re7 35. Qa5 Re8 36. Qa4 Kf8 37. Qd7 Qxd5 38. Rf1 Qxa2 39. Qxd6+ Kg8 40. Qd7 Qe6 41. Qxb7 Qc4 42. Qf3 Rf8 43. Qf4 Qb5 44. h3 Qd5 45. Kh2 Rc8 46. Rf3 Qc4 47. Qxc4 Rxc4 48. Ra3 Rc6 49. Ra5 Rb6 50. Ra4 Kf8 51. Kg3 Ke7 52. Kf3 Kd7 53. Ke4 Kc6 54. Kd4 Kb5 55. Ra1 Kxb4 56. Rb1+ Ka5 57. Ra1+ Kb5 58. Kd5 Rg6 59. Rb1+ Ka5 60. Ra1+ Kb6 61. g4 a5 62. Rb1+ Kc7 63. Kc5 a4 64. Ra1 Ra6 65. Kb4 a3 66. Rxa3 Rxa3 67. Kxa3 Kd6 68. Kb4 Ke5 69. Kc5 Kf4 70. Kd6 Kg3 71. Ke7 Kxh3 72. Kxf7 g5 0-1


[Site "https://www.chess.com"]

[Event "Titled Tuesday Blitz April 18 Early 2023"]
[White "Lenaerts, Lennert"]
[Black "Delorme, Alban"]
[WhiteFideId "211435"]
[BlackFideId "623636"]
[WhiteElo "2334"]
[BlackElo "2196"]
[Result "0-1"]
[Round "06"]
[TimeControl "180+2"]
[Date "2023.04.18"]
[WhiteClock "0:02:27"]
[BlackClock "0:02:01"]

1. d4 Nf6 2. c4 g6 3. Nc3 Bg7 4. e4 d6 5. f3 O-O 6. Be3 c5 7. Nge2 Nc6 8. d5 Na5 9. Nc1 a6 10. Be2 Rb8 11. O-O e6 12. dxe6 Bxe6 13. b3 Nxe4 14. Nxe4 Bxa1 15. Bg5 Qc7 16. Nxd6 Bd4+ 17. Kh1 0-1


[Site "https://www.chess.com"]

[Event "Titled Tuesday Blitz April 18 Early 2023"]
[White "Torres Hernandez, Leslie Carolin"]
[Black "Molina, Roberto Junio Brito"]
[WhiteFideId "8400504"]
[BlackFideId "2109450"]
[WhiteElo "1920"]
[BlackElo "2376"]
[Result "0-1"]
[Round "06"]
[TimeControl "180+2"]
[Date "2023.04.18"]
[WhiteClock "0:01:29"]
[BlackClock "0:01:14"]

1. e4 c6 2. d4 d5 3. exd5 cxd5 4. Nf3 Nc6 5. Ne5 Nf6 6. Bb5 Bd7 7. Nxd7 Qxd7 8. O-O e6 9. c3 Be7 10. Nd2 a6 11. Bd3 O-O 12. f4 g6 13. Nf3 Qc7 14. Ne5 b5 15. Qe2 b4 16. Bd2 bxc3 17. bxc3 a5 18. Nxc6 Qxc6 19. f5 Ne4 20. Bxe4 dxe4 21. f6 Bd6 22. Qe3 Rfb8 23. Rab1 Qd5 24. Rfc1 Qxa2 25. Rxb8+ Rxb8 26. c4 Rb3 27. Qh6 Bf8 28. Qf4 Rd3 29. Be3 Qe2 30. Bf2 Rd1+ 31. Rxd1 Qxd1+ 0-1


[Site "https://www.chess.com"]

[Event "Titled Tuesday Blitz April 18 Early 2023"]
[White "Cherniaiev, Tykhon"]
[Black "Hajiyev, Kanan"]
[WhiteFideId "14182360"]
[BlackFideId "13404148"]
[WhiteElo "2450"]
[BlackElo "2103"]
[Result "1-0"]
[Round "06"]
[TimeControl "180+2"]
[Date "2023.04.18"]
[WhiteClock "0:01:01"]
[BlackClock "0:00:02"]

1. Nf3 d5 2. d4 Nf6 3. c4 c6 4. e3 Bf5 5. Bd3 Bxd3 6. Qxd3 e6 7. O-O Nbd7 8. Nc3 Bb4 9. Bd2 O-O 10. a3 Bxc3 11. Bxc3 Ne4 12. Nd2 Nxc3 13. Qxc3 Nf6 14. Qd3 Re8 15. e4 dxe4 16. Nxe4 Nxe4 17. Qxe4 Qf6 18. Rfe1 Rad8 19. Rad1 g6 20. h3 Kg7 21. Rd3 Qf5 22. Qe2 c5 23. Rf3 Qh5 24. Qe4 cxd4 25. Qxb7 g5 26. Qxa7 d3 27. Qe3 Qg6 28. Rd1 Rc8 29. b3 Ra8 30. a4 e5 31. Qxd3 e4 32. Qc3+ Kg8 33. Rf6 Qg7 34. Rd7 Rf8 35. c5 Ra6 36. c6 Rb6 37. a5 Rxb3 38. Qxb3 Qxf6 39. c7 Rc8 40. Qb6 Qa1+ 41. Kh2 Qe5+ 42. g3 e3 43. Qxe3 Qxa5 44. Qd4 h6 45. Rd8+ Kh7 46. Rxc8 1-0


[Site "https://www.chess.com"]

[Event "Titled Tuesday Blitz April 18 Early 2023"]
[White "Mouhamad, Joachim"]
[Black "Matinian, Nikita"]
[WhiteFideId "656410"]
[BlackFideId "24129100"]
[WhiteElo "2125"]
[BlackElo "2422"]
[Result "0-1"]
[Round "06"]
[TimeControl "180+2"]
[Date "2023.04.18"]
[WhiteClock "0:00:03"]
[BlackClock "0:00:25"]

1. e4 c5 2. Nf3 e6 3. d4 cxd4 4. Nxd4 Nc6 5. Nc3 Qc7 6. Be3 a6 7. Qd2 Nf6 8. O-O-O b5 9. Nxc6 Qxc6 10. f3 Bb7 11. Kb1 Rc8 12. g4 h6 13. h4 d5 14. e5 Nd7 15. Bd4 Nb6 16. Rh2 b4 17. Ne4 dxe4 18. Bxb6 Be7 19. Bd4 exf3 20. Bd3 Rd8 21. Be3 Qc7 22. Bf4 Be4 23. Qe3 Bxd3 24. cxd3 Qc6 25. Rc2 Qd5 26. Rc7 Bxh4 27. g5 f2 28. gxh6 gxh6 29. Rcc1 Rg8 30. Bxh6 Rg3 31. Qe2 Rxd3 32. Rxd3 Qxd3+ 33. Qxd3 Rxd3 34. Rf1 Rg3 0-1


[Site "https://www.chess.com"]

[Event "Titled Tuesday Blitz April 18 Early 2023"]
[White "Lorenzo De La Riva, Lazaro"]
[Black "Jaferian, Koosha"]
[WhiteFideId "2268809"]
[BlackFideId "12507440"]
[WhiteElo "2294"]
[BlackElo "2073"]
[Result "0-1"]
[Round "06"]
[TimeControl "180+2"]
[Date "2023.04.18"]
[WhiteClock "0:00:23"]
[BlackClock "0:00:27"]

1. e4 c6 2. Nf3 d5 3. d3 g6 4. e5 Bg7 5. d4 Bf5 6. h3 Nd7 7. Be2 c5 8. c3 Be4 9. O-O Bxf3 10. Bxf3 e6 11. Be3 Qc7 12. Nd2 Ne7 13. g4 O-O 14. Be2 b6 15. f4 f6 16. Nf3 fxe5 17. fxe5 Nc6 18. Qd2 Rae8 19. Rf2 Rf7 20. Raf1 Ref8 21. Ng5 Rxf2 22. Bxf2 Nd8 23. Be3 Rxf1+ 24. Bxf1 h6 25. Nf3 Kh7 26. h4 c4 27. Be2 b5 28. Bd1 Nf8 29. Bc2 Qf7 30. Qf2 Kg8 31. Kg2 a5 32. Qd2 h5 33. Ng5 Qe8 34. gxh5 gxh5 35. Qf2 b4 36. Qg3 Nf7 37. Nh3 Kh8 38. Nf4 Nh6 39. Bg6 Nxg6 40. Nxg6+ Kh7 41. Nf4 Nf5 42. Qf2 Bh6 43. Nxd5 Qg6+ 44. Kh2 exd5 45. Bxh6 Kxh6 46. Qf3 Kg7 47. Qxd5 Qg3+ 48. Kh1 Qxh4+ 49. Kg1 Qe1+ 50. Kh2 Qf2+ 51. Qg2+ Qxg2+ 52. Kxg2 bxc3 53. bxc3 Nxd4 54. Kg3 Ne2+ 55. Kh4 Nxc3 56. Kxh5 Ne2 57. Kg4 c3 58. Kf3 c2 0-1


[Site "https://www.chess.com"]

[Event "Titled Tuesday Blitz April 18 Early 2023"]
[White "Hua, Lefong"]
[Black "Jaskolka, Tomasz"]
[WhiteFideId "2602253"]
[BlackFideId "1170791"]
[WhiteElo "2639"]
[BlackElo "2155"]
[Result "1/2-1/2"]
[Round "06"]
[TimeControl "180+2"]
[Date "2023.04.18"]
[WhiteClock "0:00:15"]
[BlackClock "0:00:20"]

1. d4 d5 2. c4 e5 3. e3 exd4 4. Qxd4 Nf6 5. cxd5 Qxd5 6. Qxd5 Nxd5 7. a3 Bd6 8. Nf3 Nc6 9. Nbd2 Be6 10. Nc4 Be7 11. Be2 O-O-O 12. O-O Rhe8 13. Bd2 Bf6 14. Rad1 g5 15. h3 h5 16. e4 Nf4 17. Bxf4 gxf4 18. b3 Be7 19. b4 Bf6 20. b5 Nd4 21. Nxd4 Bxd4 22. Rc1 h4 23. Rfd1 f3 24. Bxf3 Bxc4 25. Rxc4 Be5 26. Bg4+ Kb8 27. Kf1 Rxd1+ 28. Bxd1 Rd8 29. Ke2 f6 30. a4 Rg8 31. Kf3 Rd8 32. Ke2 Bf4 33. Bb3 Rd2+ 34. Kf3 Be5 35. Bc2 a6 36. bxa6 bxa6 37. g3 hxg3 38. fxg3 Kb7 39. h4 Kb6 40. h5 c5 41. Kg4 Rg2 42. h6 Rxg3+ 43. Kf5 Rg5+ 44. Ke6 Rh5 45. a5+ Kb5 46. Bd3 Rh3 47. Be2 Rxh6 48. Kd5 Kxa5 49. Rxc5+ Kb6 50. Rc6+ Kb7 51. Bxa6+ Ka7 52. Bb5 Rh2 53. Ra6+ Kb7 54. Ra4 Rd2+ 55. Ke6 Rd6+ 56. Kf5 Rb6 57. Bc4 Rd6 58. Bd5+ Kb6 59. Rb4+ Kc5 60. Rc4+ Kb5 61. Rc8 Kb4 62. Rb8+ Kc3 63. Rc8+ Kd4 64. Rc4+ Kd3 65. Ra4 Ke3 66. Ra3+ Kd2 67. Ra2+ Kc1 68. Re2 Kd1 69. Rg2 Ke1 70. Kg4 Rb6 71. Kf3 Rb2 72. Rg1+ Kd2 73. Rg2+ Kc3 74. Rxb2 Kxb2 75. Kg4 Kc3 76. Kf5 Kd4 77. Be6 Kc3 78. Bf7 Kd4 79. Bg6 Kc3 80. Bh7 Kd4 81. Bg6 Kc3 82. Bh7 Kd4 83. Bg6 1/2-1/2


[Site "https://www.chess.com"]

[Event "Titled Tuesday Blitz April 18 Early 2023"]
[White "Ciorgovean, Iustin"]
[Black "Danielyan, Vahe"]
[WhiteFideId "1242911"]
[BlackFideId "13304828"]
[WhiteElo "2186"]
[BlackElo "2423"]
[Result "0-1"]
[Round "06"]
[TimeControl "180+2"]
[Date "2023.04.18"]
[WhiteClock "0:00:31"]
[BlackClock "0:01:26"]

1. e4 c6 2. Nf3 d5 3. d3 Qc7 4. exd5 cxd5 5. c4 Nf6 6. g3 e6 7. Bg2 dxc4 8. Nc3 Bb4 9. O-O cxd3 10. Qa4+ Nc6 11. Nb5 Qd7 12. Bf4 O-O 13. Ne5 Nxe5 14. Bxe5 Be7 15. Qb3 a5 16. Rac1 a4 17. Qc4 Ra5 18. Bd6 Bxd6 19. Nxd6 Qxd6 20. Qxc8 Rxc8 21. Rxc8+ Qf8 22. Rxf8+ Kxf8 23. Rd1 Rb5 24. Rd2 Ke7 25. f4 Rc5 26. Rxd3 Rc1+ 27. Bf1 Rc2 28. b3 a3 29. b4 Rxa2 30. Rc3 Nd5 0-1


[Site "https://www.chess.com"]

[Event "Titled Tuesday Blitz April 18 Early 2023"]
[White "Girya, Olga"]
[Black "Gil Alba, Hector Luis"]
[WhiteFideId "4195752"]
[BlackFideId "3504670"]
[WhiteElo "2263"]
[BlackElo "2331"]
[Result "1-0"]
[Round "06"]
[TimeControl "180+2"]
[Date "2023.04.18"]
[WhiteClock "0:00:56"]
[BlackClock "0:01:09"]

1. d4 Nf6 2. Nf3 g6 3. Bg5 Bg7 4. Nbd2 d6 5. c3 O-O 6. e4 Nbd7 7. Bc4 e5 8. O-O Qe7 9. Re1 c6 10. a4 a5 11. Qc2 h6 12. Bh4 Re8 13. Bf1 g5 14. Bg3 Nh5 15. Nc4 Nxg3 16. hxg3 exd4 17. cxd4 Bf8 18. Bd3 Qd8 19. Rad1 Nb6 20. e5 Nxc4 21. Bxc4 d5 22. Ba2 f5 23. exf6 Rxe1+ 24. Rxe1 Qxf6 25. Bb1 Qf7 26. Ne5 Qg7 27. f4 gxf4 28. gxf4 Bg4 29. Nxg4 Qxg4 30. Qh7# 1-0


[Site "https://www.chess.com"]

[Event "Titled Tuesday Blitz April 18 Early 2023"]
[White "Manukian, Artak"]
[Black "MKlose11"]
[WhiteFideId "13301373"]
[WhiteElo "2130"]
[BlackElo "2585"]
[Result "1/2-1/2"]
[Round "06"]
[TimeControl "180+2"]
[Date "2023.04.18"]
[WhiteClock "0:00:10"]
[BlackClock "0:00:04"]

1. e4 e6 2. d4 d5 3. e5 c5 4. c3 Qb6 5. Nf3 Bd7 6. a3 Bb5 7. c4 dxc4 8. Nc3 Ba6 9. d5 Ne7 10. d6 Ng6 11. Be3 Nd7 12. Na4 Qc6 13. Be2 b5 14. Nc3 Ngxe5 15. a4 b4 16. Nb5 Bxb5 17. axb5 Qxb5 18. b3 Qb6 19. Nxe5 Nxe5 20. f4 Nd7 21. Bxc4 Qxd6 22. Qf3 Rd8 23. O-O Be7 24. Rfd1 Qc7 25. f5 O-O 26. fxe6 Ne5 27. exf7+ Kh8 28. Qe2 Nxc4 29. Qxc4 Bf6 30. Rxd8 Qxd8 31. Rf1 Bd4 32. Bxd4 Qxd4+ 33. Qxd4 cxd4 34. Rf4 h6 35. Rxd4 Rxf7 36. Rxb4 Rc7 37. h4 Kg8 38. Kh2 Rc5 39. Ra4 a5 40. g3 Rb5 41. Kh3 Kf7 42. Rf4+ Ke6 43. Rf3 Ke5 44. Rf7 Rxb3 45. Rxg7 a4 46. Ra7 a3 47. Kg4 Kd5 48. Kh5 Rxg3 49. Kxh6 Kc4 50. h5 Kb3 51. Kh7 Kb2 52. h6 a2 53. Kh8 Ra3 54. Rxa3 Kxa3 55. h7 a1=Q+ 56. Kg8 Qa2+ 57. Kg7 Qb2+ 58. Kg8 Qb3+ 59. Kg7 Qc3+ 60. Kg8 Qc4+ 61. Kg7 Qd4+ 62. Kg8 Qg4+ 63. Kf7 Qh5+ 64. Kg8 Qg6+ 65. Kh8 Qd6 66. Kg7 Qe7+ 67. Kg8 Qe8+ 68. Kg7 Qe7+ 69. Kg8 Qd8+ 70. Kg7 Qd4+ 71. Kg8 Qg4+ 72. Kf7 Qh5+ 73. Kg8 Qg6+ 74. Kh8 Qf6+ 75. Kg8 Qe6+ 76. Kg7 Qe7+ 1/2-1/2


[Site "https://www.chess.com"]

[Event "Titled Tuesday Blitz April 18 Early 2023"]
[White "littlepillow2010"]
[Black "Hirneise, Jens"]
[BlackFideId "24614734"]
[WhiteElo "2425"]
[BlackElo "2345"]
[Result "0-1"]
[Round "06"]
[TimeControl "180+2"]
[Date "2023.04.18"]
[WhiteClock "0:00:03"]
[BlackClock "0:00:57"]

1. e4 d6 2. d4 Nf6 3. Nc3 e5 4. dxe5 dxe5 5. Qxd8+ Kxd8 6. Nf3 Bd6 7. Bg5 c6 8. O-O-O Kc7 9. Bxf6 gxf6 10. Nh4 a6 11. Be2 b5 12. h3 Be6 13. Bg4 Nd7 14. b3 h5 15. Bf5 Bc5 16. Rhf1 a5 17. a4 Bb4 18. Kb2 Bxc3+ 19. Kxc3 bxa4 20. bxa4 Nc5 21. Ra1 Rab8 22. f4 Bxf5 23. exf5 Rb4 24. g3 Rd8 25. Ra3 Ne4# 0-1


[Site "https://www.chess.com"]

[Event "Titled Tuesday Blitz April 18 Early 2023"]
[White "Yelisieiev, Yevhenii"]
[Black "Fernandez Siles, Luis"]
[WhiteFideId "14139642"]
[BlackFideId "2209420"]
[WhiteElo "2425"]
[BlackElo "2195"]
[Result "1-0"]
[Round "06"]
[TimeControl "180+2"]
[Date "2023.04.18"]
[WhiteClock "0:00:16"]
[BlackClock "0:00:36"]

1. d4 Nf6 2. Nf3 g6 3. g3 Bg7 4. Bg2 O-O 5. O-O d6 6. b3 c6 7. Bb2 Qa5 8. Nbd2 Qh5 9. h4 h6 10. Re1 Ng4 11. e4 Nd7 12. Nh2 Ndf6 13. Bf3 e5 14. Nc4 g5 15. dxe5 dxe5 16. Nxe5 gxh4 17. Nexg4 Nxg4 18. Bxg4 Bxg4 19. Qxg4 Qxg4 20. Nxg4 Bxb2 21. Rab1 Bg7 22. gxh4 Rad8 23. Rbd1 h5 24. Ne3 Bc3 25. Rf1 Rfe8 26. f3 Bd2 27. Nf5 Rd7 28. Kf2 Red8 29. Ke2 Kf8 30. c4 b5 31. cxb5 cxb5 32. Rg1 b4 33. Ne3 Bxe3 34. Rxd7 Rxd7 35. Kxe3 Rc7 36. Rg5 Rc3+ 37. Kf4 Rc2 38. Ra5 Rh2 39. Kg5 Rf2 40. f4 Re2 41. e5 1-0


[Site "https://www.chess.com"]

[Event "Titled Tuesday Blitz April 18 Early 2023"]
[White "AyMitecK"]
[Black "Maung, Maung Kyaw Zaw Hein"]
[BlackFideId "13001698"]
[WhiteElo "2563"]
[BlackElo "2019"]
[Result "1-0"]
[Round "06"]
[TimeControl "180+2"]
[Date "2023.04.18"]
[WhiteClock "0:00:44"]
[BlackClock "0:00:01"]

1. e4 c6 2. d4 d5 3. e5 Bf5 4. h4 h5 5. c4 e6 6. Nc3 Ne7 7. Nge2 dxc4 8. Bg5 Bd3 9. Ng3 Bxf1 10. Kxf1 Qb6 11. Nxh5 Qxb2 12. Ne4 Nf5 13. Rb1 Qxd4 14. Nhf6+ gxf6 15. Nxf6+ Kd8 16. Qxd4+ Nxd4 17. Rxb7 Bh6 18. Rh3 Bxg5 19. hxg5 Rxh3 20. gxh3 c3 21. Ke1 Na6 22. Rd7+ Kc8 23. Rxd4 Rb8 24. Rc4 Rb1+ 25. Ke2 Rb2+ 26. Ke3 c2 27. h4 Nb4 28. h5 Rb1 29. g6 fxg6 30. hxg6 c1=Q+ 31. Rxc1 Rxc1 32. g7 Rg1 33. g8=Q+ Rxg8 34. Nxg8 c5 35. a3 Nd5+ 36. Kd3 Nb6 37. Nf6 Kc7 38. f4 Kc6 39. Ne4 Nd5 40. Kc4 Nxf4 41. Nxc5 Ng6 42. Nd3 Nf8 43. Nb4+ Kb6 44. Nd3 a5 45. a4 Kc6 46. Nf4 Kb6 47. Ne2 Kc6 48. Nd4+ Kb6 49. Nb3 Nd7 50. Kd4 Nb8 51. Ke4 Nc6 52. Kf4 Nb4 53. Kg5 Na6 54. Kf6 Nc7 55. Ke7 Ka6 56. Kd6 Kb6 57. Kd7 Nd5 58. Kxe6 Nf4+ 59. Kd6 Ng6 60. e6 1-0


[Site "https://www.chess.com"]

[Event "Titled Tuesday Blitz April 18 Early 2023"]
[White "Liu, Casper"]
[Black "SashaKuzhilniy"]
[WhiteFideId "1454153"]
[WhiteElo "2221"]
[BlackElo "2559"]
[Result "0-1"]
[Round "06"]
[TimeControl "180+2"]
[Date "2023.04.18"]
[WhiteClock "0:00:04"]
[BlackClock "0:00:58"]

1. e4 d5 2. exd5 Qxd5 3. Qf3 Qxf3 4. Nxf3 Bf5 5. c3 h6 6. d4 e6 7. Bf4 c6 8. Na3 Bxa3 9. bxa3 Nd7 10. Kd2 Ngf6 11. Bd3 Ne4+ 12. Ke3 Nxc3 13. Bxf5 Nd5+ 14. Kd2 exf5 15. Rhe1+ Kd8 16. Bd6 N7f6 17. Ne5 Ne4+ 18. Rxe4 fxe4 19. Nxf7+ Kd7 20. Nxh8 Rxh8 21. Be5 Rf8 22. Ke2 h5 23. Bxg7 Rg8 24. Be5 Rxg2 25. Bg3 h4 26. Kf1 h3 27. Rb1 b5 28. Rb3 Ke6 29. Be5 e3 30. fxe3 Rxa2 31. e4 Nb6 32. Rxh3 Nc4 33. Rh6+ Kd7 34. h4 Nxe5 35. dxe5 Rxa3 36. h5 b4 37. Rh7+ Ke6 38. h6 Rh3 39. Kg2 Rh5 40. Rc7 Kxe5 41. h7 Kxe4 42. Kf2 a5 43. Ke2 Kd5 44. Ra7 Kc4 45. Kd2 c5 46. Kc2 Rh2+ 47. Kc1 Kc3 48. Kb1 Rh1+ 49. Ka2 b3+ 50. Ka3 Ra1# 0-1


[Site "https://www.chess.com"]

[Event "Titled Tuesday Blitz April 18 Early 2023"]
[White "koncheto"]
[Black "Schuh, Karsten"]
[BlackFideId "4637950"]
[WhiteElo "2547"]
[BlackElo "2138"]
[Result "0-1"]
[Round "06"]
[TimeControl "180+2"]
[Date "2023.04.18"]
[WhiteClock "0:01:48"]
[BlackClock "0:02:00"]

1. e4 c5 2. Nf3 Nc6 3. d4 cxd4 4. Nxd4 Qc7 5. c4 e6 6. Nc3 Nf6 7. Be2 a6 8. O-O Bb4 9. Qd3 O-O 10. f3 Nxd4 11. Be3 Nxe2+ 12. Nxe2 Bc5 13. Rac1 b6 14. Kh1 Bxe3 15. Qxe3 Bb7 16. g4 d6 17. g5 Nd7 18. h4 Qc5 19. Qf4 Qe5 20. Qd2 Nc5 21. Qe3 f5 22. gxf6 Rxf6 23. Rg1 Rxf3 0-1


[Site "https://www.chess.com"]

[Event "Titled Tuesday Blitz April 18 Early 2023"]
[White "Smiechu"]
[Black "Dushyant Sharma"]
[BlackFideId "25065130"]
[WhiteElo "2364"]
[BlackElo "2198"]
[Result "0-1"]
[Round "06"]
[TimeControl "180+2"]
[Date "2023.04.18"]
[WhiteClock "0:00:01"]
[BlackClock "0:00:06"]

1. e4 d5 2. exd5 Nf6 3. Nf3 Bg4 4. Be2 Qxd5 5. d4 Nc6 6. Be3 O-O-O 7. c4 Qf5 8. Nc3 e5 9. d5 e4 10. Nd4 Nxd4 11. Qxd4 c5 12. Qd2 Bxe2 13. Nxe2 Bd6 14. Qa5 Kb8 15. Bxc5 Bxc5 16. Qxc5 e3 17. O-O Qc2 18. Qxe3 Qxc4 19. Nc3 Nxd5 20. Nxd5 Qxd5 21. a4 Rhe8 22. Qg3+ Qd6 23. Qf3 f6 24. a5 a6 25. b4 Qxb4 26. Rab1 Qe4 27. Qg3+ Ka8 28. h3 Re5 29. Rfd1 Rb8 30. h4 h5 31. Rb2 g5 32. Rdb1 gxh4 33. Qh3 Rg5 34. Rb6 Rbg8 35. g3 hxg3 36. f4 Qxf4 37. Qg2 Qf2+ 38. Qxf2 gxf2+ 39. Kxf2 Rg2+ 40. Kf3 R2g3+ 41. Kf2 Rg2+ 42. Kf3 R8g3+ 43. Kf4 Rg7 44. Rxf6 R2g4+ 45. Kf5 R4g5+ 46. Ke6 Rxa5 47. Rf8+ Ka7 48. Rh8 Rc7 49. Rh1 Rac5 50. Kd6 R7c6+ 51. Kd7 Rb6 52. Rh2 a5 53. Rg2 a4 54. Rgg8 Ka6 55. Ra8+ Kb5 56. Rhg8 Rbc6 57. Rg1 Rc4 58. Rb1+ Rb4 59. Ra1 Rc3 60. Ra7 b6 61. Ra8 h4 62. Rh8 h3 63. Rh5+ Rc5 64. Rxh3 Rd4+ 65. Ke6 Rg4 66. Rb1+ Ka5 67. Rd3 Rg6+ 68. Kf7 Rh6 69. Rd8 Rc7+ 70. Kg8 Rg6+ 71. Kh8 Ra7 72. Rb8 Rc6 73. Rd8 Rcc7 74. Rd5+ Ka6 0-1


[Site "https://www.chess.com"]

[Event "Titled Tuesday Blitz April 18 Early 2023"]
[White "Milchev, Nikolay"]
[Black "micke12a"]
[WhiteFideId "2906090"]
[WhiteElo "2449"]
[BlackElo "2338"]
[Result "0-1"]
[Round "06"]
[TimeControl "180+2"]
[Date "2023.04.18"]
[WhiteClock "0:00:58"]
[BlackClock "0:00:02"]

1. Nf3 c5 2. c3 Nc6 3. d4 e6 4. Bf4 cxd4 5. cxd4 d5 6. Nc3 Bd6 7. Bg3 a6 8. Rc1 Nge7 9. e3 O-O 10. Bd3 h6 11. a3 b5 12. Nxb5 axb5 13. Bxd6 Qxd6 14. Bxb5 Ba6 15. Bxa6 Rxa6 16. O-O Na5 17. Ne5 Kh7 18. Qd3+ g6 19. b4 Nb7 20. Rc3 f6 21. Nf3 Rc8 22. Rfc1 Rxa3 23. h4 Qxb4 24. Rxa3 Rxc1+ 25. Kh2 Qd6+ 26. g3 h5 27. Ra7 Rc7 28. Ra6 Qd7 29. Ng1 Nd6 30. Nh3 Ra7 31. Rb6 Ne4 32. Qb3 Nf5 33. Kg2 Kh6 34. Nf4 g5 35. Nxe6 gxh4 36. Nc5 Qg7 37. Qxd5 Nxe3+ 38. fxe3 Qxg3+ 39. Kf1 Qf2# 0-1


[Site "https://www.chess.com"]

[Event "Titled Tuesday Blitz April 18 Early 2023"]
[White "Ordekalog"]
[Black "ilya2700"]
[WhiteElo "2520"]
[BlackElo "2305"]
[Result "0-1"]
[Round "06"]
[TimeControl "180+2"]
[Date "2023.04.18"]
[WhiteClock "0:00:02"]
[BlackClock "0:00:02"]

1. d4 Nf6 2. c4 g6 3. Nc3 Bg7 4. Nf3 O-O 5. e4 d6 6. Be2 c5 7. d5 e6 8. O-O exd5 9. exd5 Bf5 10. Bg5 Qb6 11. Qd2 Ne4 12. Nxe4 Bxe4 13. b3 Bxa1 14. Rxa1 f6 15. Bh6 Re8 16. Qf4 Qd8 17. Kf1 Qe7 18. Re1 Bxf3 19. Qxf3 Nd7 20. Bd2 Qf7 21. h4 Re7 22. Qg3 Ne5 23. h5 Rae8 24. hxg6 hxg6 25. Bd1 Qh7 26. Re3 Nf7 27. Kg1 Rxe3 28. Bxe3 Ne5 29. Bc2 Kg7 30. Bd2 Rh8 31. f4 Nf7 32. Qf3 Qh1+ 33. Kf2 Qa1 34. Qg4 f5 35. Bxf5 Qd4+ 36. Be3 Qf6 37. Be4 Ne5 38. Qg3 Nf7 39. Bd2 Rf8 40. Bc3 Ne5 41. Bxe5 dxe5 42. f5 g5 43. Qg4 Rh8 44. a3 Rh4 45. Qe2 Rf4+ 0-1


[Site "https://www.chess.com"]

[Event "Titled Tuesday Blitz April 18 Early 2023"]
[White "Kyaw Lay Htaik"]
[Black "Ronka, Erik"]
[WhiteFideId "13002007"]
[BlackFideId "505080"]
[WhiteElo "2261"]
[BlackElo "2264"]
[Result "0-1"]
[Round "06"]
[TimeControl "180+2"]
[Date "2023.04.18"]
[WhiteClock "0:01:10"]
[BlackClock "0:00:46"]

1. d4 d5 2. Nf3 Nf6 3. Bf4 c5 4. e3 cxd4 5. exd4 Nc6 6. c3 Bf5 7. Nbd2 e6 8. h3 Bd6 9. Bxd6 Qxd6 10. Bb5 O-O 11. O-O Ne7 12. Ne5 h6 13. Re1 Bh7 14. Qf3 Rac8 15. Re2 a6 16. Bd3 b5 17. a3 Nf5 18. g4 Ne7 19. Rae1 Nd7 20. Nxd7 Qxd7 21. Bxh7+ Kxh7 22. Qd3+ Kg8 23. f4 Qd6 24. Rf2 a5 25. Qxb5 Rb8 26. Qxa5 Ng6 27. Ref1 Rfc8 28. Qa4 Qe7 29. Qc2 Qh4 30. Kg2 Qe7 31. f5 exf5 32. Qxf5 Nh4+ 33. Kg3 Nxf5+ 0-1


[Site "https://www.chess.com"]